 Dungeon Crawl Stone Soup version 0.18.1-50-g88ac8fd (webtiles) character file.

2552 Ladykiller69 the Basher (level 9, -3/101 HPs)
             Began as an Ogre Gladiator on Oct 23, 2016.
             Was a Believer of Okawaru.
             Slain by a water moccasin (5 damage)
             ... on level 7 of the Dungeon.
             The game lasted 00:28:53 (7786 turns).

Ladykiller69 the Basher (Ogre Gladiator)            Turns: 7786, Time: 00:28:54

Health: -3/101     AC:  4    Str: 22    XL:     9   Next: 56%
Magic:  9/9        EV: 16    Int: 12    God:    Okawaru [**....]
Gold:   351        SH:  2    Dex: 18    Spells: 0 memorised, 8 levels left

rFire  . . .     SeeInvis .     y - +0 giant spiked club
rCold  . . .     Gourm    .     b - +0 robe
rNeg   . . .     Faith    .     (shield currently unavailable)
rPois  .         Spirit   .     c - +0 hat
rElec  .         Dismiss  .     h - +0 cloak
rCorr  .         Reflect  +     (gloves unavailable)
SustAt +         Harm     .     (boots unavailable)
MR     .....                    J - +2 amulet of reflection
Stlth  +++.......               x - ring of sustain attributes
                                v - ring of flight

@: brilliant, agile, lethally poisoned (-3 -> -19), very slightly contaminated,
hasted, very quick, not resistant to hostile enchantments, fairly stealthy
A: unfitting armour, tough skin 1
a: Heroism, Renounce Religion, Evoke Flight


You were on level 7 of the Dungeon.
You worshipped Okawaru.
Okawaru was pleased with you.
You were hungry.

You visited 2 branches of the dungeon, and saw 8 of its levels.

You collected 411 gold pieces.
You spent 60 gold pieces at shops.

Inventory:

Hand Weapons
 a - a +0 flail
 w - a +0 giant club
 y - a +0 giant spiked club (weapon)
Missiles
 d - 2 throwing nets
 u - 122 stones (quivered)
Armour
 b - a +0 robe (worn)
 c - a +0 hat (worn)
 h - a +0 cloak (worn)
Jewellery
 v - a ring of flight (left hand)
 x - a ring of sustain attributes (right hand)
 z - an uncursed ring of flight
 J - a +2 amulet of reflection (around neck)
Wands
 s - a wand of random effects (32/48)
 B - a wand of disintegration (12/24)
Scrolls
 g - a scroll of enchant armour {unknown}
 i - 6 scrolls of identify
 j - a scroll of immolation {unknown}
 k - 8 scrolls of teleportation
 m - 4 scrolls of magic mapping {unknown}
 n - 4 scrolls of recharging {unknown}
 o - a scroll of enchant weapon {unknown}
 q - a scroll of fog {unknown}
 A - a scroll of noise {unknown}
 C - a scroll of amnesia {unknown}
 E - a scroll of fear {unknown}
Potions
 e - a potion of haste
 t - a potion of flight
 D - a potion of agility
 G - 2 potions of brilliance
Books
 r - a book of Unlife

   Spells                             Type                      Level
   a - Recall                         Summoning/Translocation      3
   b - Animate Dead                   Necromancy                   4
   c - Control Undead                 Necromancy                   4
   d - Cigotuvi's Embrace             Necromancy                   5
   e - Death Channel                  Necromancy                   6
   f - Simulacrum                     Ice/Necromancy               6
 F - a book of Ice

   Spells                             Type                      Level
   a - Ice Form                       Ice/Transmutation            4
   b - Metabolic Englaciation         Hexes/Ice                    5
   c - Ozocubu's Refrigeration        Ice                          6
   d - Bolt of Cold                   Conjuration/Ice              6
   e - Freezing Cloud                 Conjuration/Ice/Air          6
   f - Simulacrum                     Ice/Necromancy               6
 L - a book of Death

   Spells                             Type                      Level
   a - Corpse Rot                     Necromancy                   2
   b - Sublimation of Blood           Necromancy                   2
   c - Agony                          Necromancy                   5
   d - Dispel Undead                  Necromancy                   5
   e - Excruciating Wounds            Charms/Necromancy            5
   f - Bolt of Draining               Conjuration/Necromancy       5
Comestibles
 f - 6 bread rations
 l - 4 meat rations
 p - a slice of pizza
 H - 4 chunks of flesh
 I - a beef jerky
 K - 5 fruits


   Skills:
 + Level 9.7 Fighting
 * Level 13.2 Maces & Flails
 - Level 3.0 Throwing
 - Level 3.0 Dodging


You had 8 spell levels left.
You didn't know any spells.

Dungeon Overview and Level Annotations

Branches:
Dungeon (7/15)             Temple (1/1) D:4

Altars:
Ashenzari
Cheibriados
Elyvilon
Fedhas
Gozag
Kikubaaqudgha
Okawaru
Qazlal
Ru
Sif Muna
Trog
Vehumet
Xom
Yredelemnul
The Shining One

Shops:
D:7 *


Innate Abilities, Weirdness & Mutations

You are too large for most types of armour.
You have tough skin (AC +1).


Message History

The water moccasin is heavily wounded.
* * * LOW HITPOINT WARNING * * *
You feel sick. You block the water moccasin's attack.
You closely miss the water moccasin.
The water moccasin is heavily wounded.
* * * LOW HITPOINT WARNING * * *
You feel sick. The water moccasin barely misses you.
You hit the water moccasin but do no damage.
The water moccasin is heavily wounded.
* * * LOW HITPOINT WARNING * * *
You feel sick. You block the water moccasin's attack.
Drink which item? (? for menu, Esc to quit)
Okay, then.
Read which item? (? for menu, Esc to quit)
Okay, then.
You sock the water moccasin!
The water moccasin is almost dead.
* * * LOW HITPOINT WARNING * * *
You feel sick. The water moccasin bites you.
You die...

#...#####..⌠.⌠...#
........#.8.∩.8#####.
...........⌠.⌠.......
÷.......#.8.8.8#####
#...#.###.###.##
#.........# #.#
#...#.##### #.#
#...#.# #.##########
......# #...@S......
......# #..#####.###
>....## #..# #...##
#..# ##### #... ###
##.# ..#### #..
.....### ### #.
#...#######


You could see a water moccasin.

Vanquished Creatures
  Grinder (D:5)
  A hungry ghost (D:7)
  A sky beast (D:5)
  A black bear (D:7)
  2 phantoms
  3 ogres
  2 centaurs
  The ghost of jazmu the Conjurer, an amateur OpFE (D:3)
  A giant frog (D:7)
  3 scorpions
  3 wights
  2 crimson imps
  3 orc priests
  A centaur zombie (D:7)
  A gnoll shaman (D:6)
  3 hounds
  6 orc wizards
  A giant frog skeleton (D:7)
  2 iguanas
  6 worker ants
  A hound zombie (D:7)
  A worker ant zombie (D:6)
  A howler monkey zombie (D:6)
  9 adders
  9 gnolls
  An adder zombie (D:7)
  3 worms
  A dart slug (D:4)
  7 giant geckos
  36 orcs
  9 bats
  2 giant cockroaches
  8 goblins
  6 hobgoblins
  3 jackals (D:2)
  7 kobolds
  4 quokkas
  A ball python (D:2)
  5 giant newts
  A jackal skeleton (D:6)
  A jackal zombie (D:7)
  A quokka skeleton (D:6)
  7 rats
168 creatures vanquished.

Notes
Turn   | Place    | Note
--------------------------------------------------------------
     0 | D:1      | Ladykiller69 the Ogre Gladiator began the quest for the Orb.
     0 | D:1      | Reached XP level 1. HP: 22/22 MP: 1/1
   124 | D:1      | Reached XP level 2. HP: 26/31 MP: 2/2
   442 | D:2      | Reached XP level 3. HP: 27/37 MP: 3/3
   773 | D:2      | Reached skill level 5 in Maces & Flails
   773 | D:2      | Reached XP level 4. HP: 27/45 MP: 4/4
  2069 | D:2      | Reached XP level 5. HP: 52/54 MP: 5/5
  2410 | D:3      | Noticed a phantom
  2500 | D:3      | Noticed jazmu's ghost (amateur OpFE)
  2769 | D:3      | Found a white marble altar of Elyvilon.
  2958 | D:3      | Reached skill level 6 in Maces & Flails
  3427 | D:3      | Reached XP level 6. HP: 63/63 MP: 6/6
  3674 | D:3      | Killed jazmu's ghost
  3674 | D:3      | Reached skill level 5 in Fighting
  3674 | D:3      | Reached skill level 7 in Maces & Flails
  3801 | D:3      | Killed a phantom
  4216 | D:4      | Reached skill level 8 in Maces & Flails
  4216 | D:4      | Reached XP level 7. HP: 53/74 MP: 7/7
  4529 | D:4      | Found a staircase to the Ecumenical Temple.
  4538 | Temple   | Entered the Ecumenical Temple
  4624 | Temple   | Became a worshipper of Warmaster Okawaru
  4965 | D:4      | Found a sacrificial altar of Ru.
  5504 | D:4      | Reached skill level 9 in Maces & Flails
  5519 | D:5      | Entered Level 5 of the Dungeon
  5529 | D:5      | Reached XP level 8. HP: 64/84 MP: 8/8
  5658 | D:5      | Noticed Grinder
  5662 | D:5      | Killed Grinder
  5662 | D:5      | Reached * piety under Okawaru
  5662 | D:5      | Reached skill level 10 in Maces & Flails
  5822 | D:5      | Found a stormy altar of Qazlal.
  5845 | D:5      | Reached skill level 11 in Maces & Flails
  6540 | D:6      | Reached ** piety under Okawaru
  6540 | D:6      | Reached XP level 9. HP: 82/97 MP: 9/9
  6684 | D:5      | Reached skill level 12 in Maces & Flails
  7502 | D:7      | Found a shattered altar of Ashenzari.
  7563 | D:7      | Found a blossoming altar of Fedhas.
  7689 | D:7      | Reached skill level 13 in Maces & Flails
  7718 | D:7      | Found Reoruc's General Store.
  7741 | D:7      | Bought a scroll of identify for 24 gold pieces
  7741 | D:7      | Bought a scroll of teleportation for 36 gold pieces
  7785 | D:7      | HP: 4/101 [poisoned by a water moccasin]
  7786 | D:7      | Slain by a water moccasin

Skill      XL: |  1  2  3  4  5  6  7  8  9 |
---------------+----------------------------+-----
Fighting       | 3 4 5 6 8 9 |  9.7
Maces & Flails | 5 6 8 9 11 13 | 13.2
Dodging        | 3 |  3.0
Throwing       | 3 |  3.0

Action                   |  1- 3 |  4- 6 |  7- 9 || total
-------------------------+-------+-------+-------++-------
Melee: Flail             |    58 |   241 |    78 ||   377
       Giant club        |       |       |    45 ||    45
       Giant spiked club |       |       |   171 ||   171
Throw: Throwing net      |       |       |     1 ||     1
       Stone             |       |       |     6 ||     6
  Use: Potion            |     1 |       |     6 ||     7
 Stab: Sleeping          |     1 |     3 |     2 ||     6
       Distracted        |       |     1 |       ||     1
  Eat: Chunk             |       |    10 |    13 ||    23
       Pizza             |       |       |     2 ||     2
Armor: Robe              |    13 |    48 |    66 ||   127
Dodge: Dodged            |    34 |   116 |   126 ||   276
Block: Other             |       |       |     9 ||     9
